 Dungeon Crawl Stone Soup version 0.17-a0-388-gf1f7f45 (webtiles) character file.

6979 Sixotanaka the Gouger (level 10, -9/47 HPs)
             Began as a Felid Transmuter on Mar 31, 2015.
             Was a Follower of Ru.
             Mangled by a four-headed hydra (13 damage)
             ... on level 2 of the Lair of Beasts on Apr 1, 2015.
             The game lasted 01:03:39 (19288 turns).

Sixotanaka the Gouger (Felid Transmuter)           Turns: 19288, Time: 01:03:39

Health: -9/47      AC:  3    Str:  6    XL:     10   Next: 81%
Magic:  22/22      EV: 32    Int: 15    God:    Ru [*.....]
Gold:   726        SH:  0    Dex: 20    Spells: 3 memorised, 5 levels left
                                        Lives:  0   Deaths: 3

rFire  . . .     SeeInvis +       - Unarmed
rCold  + . .     Clarity  .     (armour unavailable)
rNeg   . . .     SustAb   .     (shield unavailable)
rPois  .         Gourm    .     (helmet unavailable)
rElec  .         Spirit   .     (cloak unavailable)
rCorr  .         Warding  .     (gloves unavailable)
rMut   +         Stasis   .     (boots unavailable)
MR     +....                    f - amulet of resist mutation
Stlth  +++++.....               X - ring of magical power
                                U - +2 ring of evasion

@: no potions, quick, somewhat resistant to hostile enchantments, quite stealthy
A: no armour, no weapons or thrown items, claws 1, fangs 3, see invisible,
carnivore 3, speed 1, shaggy fur 3, slow metabolism 1, inability to drink while
threatened, sharp paws
a: Renounce Religion


You were on level 2 of the Lair of Beasts.
You worshipped Ru.
Ru was aware of your devotion.
You were very full.

You visited 3 branches of the dungeon, and saw 14 of its levels.
You also visited: Ossuary.

You collected 726 gold pieces.


Innate Abilities, Weirdness & Mutations

You cannot wear armour.
You are incapable of wielding weapons or throwing items.
You have sharp fingernails.
You have razor-sharp teeth.
You have supernaturally acute eyesight.
You are carnivorous and can eat meat at any time.
You cover ground quickly.
Your thick and shaggy fur keeps you warm (AC +3, rC+).
You have a slow metabolism.
You cannot drink potions while threatened.
Your paws have sharp claws that are effective at stabbing.


   Skills:
 - Level 7.4 Fighting
 + Level 11.7 Dodging
 + Level 8.5 Stealth
 - Level 12.0 Unarmed Combat
 - Level 2.0 Spellcasting
 - Level 10.8 Transmutations


You had 5 spell levels left.
You knew the following spells:

 Your Spells              Type           Power        Failure   Level  Hunger
x - Blade Hands           Trmt           ####......   10%         5    ######.
y - Sticks to Snakes      Trmt           ####......   1%          2    ###....
z - Beastly Appendage     Trmt           ####..       1%          1    #......


Dungeon Overview and Level Annotations

Branches:
Dungeon (11/15)            Temple (1/1) D:7            Lair (2/8) D:11
    Orc: D:9-12

Altars:
Ashenzari
Dithmenos
Elyvilon
Gozag
Kikubaaqudgha
Makhleb
Nemelex Xobeh
Okawaru
Qazlal
Ru
Trog
Yredelemnul
Zin
The Shining One

Shops:
D:7 (

Annotations:
D:4 Pikel
D:6 Grinder
D:8 chequers' ghost, experienced GrFi
D:9 Erolcha

Inventory:

Missiles
 b - 159 arrows
 n - 19 arrows of flame
Jewellery
 f - an amulet of resist mutation (around neck)
 l - an uncursed ring of teleport control
 D - an uncursed ring of teleportation
 U - a +2 ring of evasion (left paw)
 V - an uncursed ring of protection from magic
 X - a ring of magical power (right paw)
Magical devices
 u - a wand of paralysis (19)
 v - a wand of digging (10)
 G - a wand of disintegration (0)
 Q - a wand of random effects (38)
 W - a wand of fireball (0)
Scrolls
 e - 2 scrolls of noise {unknown}
 g - 2 scrolls of recharging
 h - 2 scrolls of blinking {unknown}
 i - 2 scrolls of teleportation {unknown}
 j - 2 scrolls of enchant armour {unknown}
 o - 2 scrolls of random uselessness {unknown}
 t - 3 scrolls of immolation {!r}
 y - 2 scrolls of magic mapping
 C - 3 scrolls of fog
 E - a scroll of enchant weapon {unknown}
 F - a scroll of brand weapon {unknown}
 M - a scroll of holy word {unknown}
 O - 2 scrolls of vulnerability {unknown}
 T - a scroll of amnesia {unknown}
 Y - a scroll of acquirement {unknown}
Potions
 m - 3 potions of might
 q - a potion of degeneration {unknown}
 r - 6 potions of curing {unknown}
 s - 4 potions of agility
 x - a potion of heal wounds {unknown}
 z - 3 potions of brilliance
 A - 5 potions of restore abilities
 B - 2 potions of haste {@q3}
 H - a potion of beneficial mutation {unknown}
 J - a potion of magic {unknown}
 N - a potion of lignification {unknown}
 P - a potion of mutation {unknown}
 R - a potion of cancellation {unknown}
Books
 d - a book of Changes
 w - a book of Maledictions
 I - an Akashic Record {highlevel, unknown}
 L - a book of Frost
Miscellaneous
 K - a phantom mirror
 S - an ornate deck of defence {the Elixir}
Comestibles
 a - 3 meat rations
 c - 2 beef jerkies
 k - a royal jelly
 p - 3 slices of pizza

### . ............##
####..............#
..................##
...................##
....................#
...................##
...................#
..#.P....####P##D.##
#..#.....##.###.@..#
...##....P#....#..##
...#.....##........#
.........#........##
...#......#P.#.#..#
#.P##.....#...#...#
#####.............#
...............<..##
...................#


You could see a four-headed hydra.


Message History

You start resting.
You start waiting.
Your transformation is almost over.
Your front paws revert to their normal proportions.
A quokka comes into view.
A quokka is nearby!
A spiny frog comes into view.
You pounce on the unaware helpless quokka!
You eviscerate the quokka!!!
You kill the quokka!
You pounce on the unaware helpless spiny frog!
You eviscerate the spiny frog!!!!
You kill the spiny frog!
No target in view!
A porcupine comes into view.
Okay, then.
Saving game... please wait.
Welcome back, Sixotanaka the Felid Transmuter.
Ru says: Sacrifice that you might gain great power!
Zapping:
u - a wand of paralysis (19)
Aim: a porcupine (resting, chance 46%)
Okay, then.
The porcupine completely misses you.
You are struck by the porcupine's spines.
You claw the porcupine!
The porcupine begins to bleed from its wounds!
The porcupine misses you.
You barely miss the porcupine. The porcupine barely misses you.
You are struck by the porcupine's spines.
You claw the porcupine!
You kill the porcupine!
Zapping:
u - a wand of paralysis (19)
Aim: a four-headed hydra (resting, chance 15%)
Okay, then.
Okay, then.
Your front paws turn into razor-sharp scythe blades.
The four-headed hydra roars!
Found 19 sling bullets.
Your transformation is almost over.
Your front paws revert to their normal proportions.
Okay, then.
Unknown command.
The four-headed hydra completely misses you.
The four-headed hydra barely misses you.
The four-headed hydra completely misses you.
The four-headed hydra bites you.
The four-headed hydra completely misses you. x4
The four-headed hydra barely misses you.
The four-headed hydra completely misses you. x3
The four-headed hydra completely misses you. x3
The four-headed hydra barely misses you.
The four-headed hydra closely misses you.
The four-headed hydra bites you!
You feel threatened and lose the ability to drink potions!
The four-headed hydra bites you!
* * * LOW HITPOINT WARNING * * *
The four-headed hydra misses you. The four-headed hydra bites you!
* * * LOW HITPOINT WARNING * * *
The four-headed hydra misses you.
The four-headed hydra barely misses you.
The four-headed hydra completely misses you.
The four-headed hydra barely misses you.
The four-headed hydra bites you!
* * * LOW HITPOINT WARNING * * *
The four-headed hydra bites you.
* * * LOW HITPOINT WARNING * * *
The four-headed hydra completely misses you.
The four-headed hydra bites you!
You die...

Action                   |  1- 3 |  4- 6 |  7- 9 | 10-12 || total
-------------------------+-------+-------+-------+-------++-------
Melee: Unarmed           |   104 |   269 |   409 |   576 ||  1358
 Cast: Beastly Appendage |    20 |    40 |    68 |    37 ||   165
       Sticks to Snakes  |       |     5 |       |       ||     5
       Blade Hands       |       |       |       |    24 ||    24
Invok: Sacrifice Drink   |       |       |       |     1 ||     1
       Reject Sacrifices |       |       |       |     1 ||     1
 Abil: End Transformatio |       |       |       |     1 ||     1
Evoke: Wand              |       |       |     2 |    16 ||    18
  Use: Scroll            |       |     3 |     3 |     9 ||    15
 Stab: Sleeping          |     2 |     4 |    20 |    20 ||    46
       Distracted        |       |     1 |       |     1 ||     2
       Paralysed         |       |       |     1 |     7 ||     8
  Eat: Chunk             |     9 |    10 |    18 |    39 ||    76

Vault maps used:
D:1:      lightli_arrival_boilingwater, evilmike_ruin_ashenzari
D:2:      serial_park_square1, nicolae_overflow_hidden_temple,
          minmay_misc_feat_square, lexackson_kobold_supper, uniq_iyjb,
          uniq_jessica
D:3:      first_bread, minmay_stone_trees_small
D:4:      lemuel_doored_altar, enter_ossuary_4, uniq_pikel
D:5:      sigmund_edmund_badplayer
D:6:      tso_metal_star, lemuel_blue_sif_altar, uniq_grinder,
          uniq_blork_the_orc
D:7:      bloody_makhleb, minmay_temple_entry_enclosed_plants, serial_shops,
          nicolae_shop_crystal, eino_jars
D:8:      kennysheep_mini, lemuel_crystal_altar, grunt_pizzeria,
          uniq_prince_ribbit1
D:9:      hex_intersection, small_chamber_with_monster, uniq_erolcha
D:10:     david_defended_altar_elf
D:11:     lair_0_dummy, serial_glass, glass_columns_a, glass_columns_a
Temple:   water_room_temple_b_12
Lair:1:   minmay_lair_venomous_thicket, uniq_erica
Lair:2:   grunt_megastairs_3, uniq_nergalle
Ossuary:  ossuary_tomb_1

Notes
Turn   | Place    | Note
--------------------------------------------------------------
     0 | D:1      | Sixotanaka, the Felid Transmuter, began the quest for the Orb.
     0 | D:1      | Reached XP level 1. HP: 9/9 MP: 4/4
   224 | D:1      | Found a shattered altar of Ashenzari.
   437 | D:1      | Reached XP level 2. HP: 12/12 MP: 3/5
   601 | D:1      | Reached skill level 4 in Unarmed Combat
   873 | D:1      | Reached XP level 3. HP: 11/15 MP: 6/6
  1650 | D:2      | Noticed Jessica
  1662 | D:2      | Killed Jessica
  1662 | D:2      | Reached skill level 5 in Unarmed Combat
  1662 | D:2      | Reached XP level 4. HP: 19/19 MP: 5/7
  1690 | D:2      | Noticed Ijyb
  1708 | D:2      | Killed Ijyb
  1822 | D:2      | Found a basalt altar of Yredelemnul.
  2285 | D:3      | Reached XP level 5. HP: 22/22 MP: 6/8
  2944 | D:3      | Reached skill level 6 in Unarmed Combat
  3365 | D:4      | Learned a level 2 spell: Sticks to Snakes
  3382 | D:4      | Found an opulent altar of Gozag.
  3443 | D:4      | Noticed an ogre
  3463 | D:4      | Killed an ogre
  3463 | D:4      | Reached skill level 7 in Unarmed Combat
  3463 | D:4      | Gained mutation: You are covered in thick fur (AC +2). [Felid growth]
  3463 | D:4      | Reached XP level 6. HP: 25/25 MP: 7/9
  3805 | D:4      | Found a sand-covered staircase.
  3825 | Ossuary  | Entered an ossuary
  4256 | Ossuary  | Slain by a mummy
  4257 | Ossuary  | Reached XP level 5. HP: -1/22 MP: 8/8
  4474 | Ossuary  | Gained mutation: Your thick and shaggy fur keeps you warm (AC +3, rC+). [Felid growth]
  4474 | Ossuary  | Reached XP level 6. HP: 19/25 MP: 9/9
  4494 | Ossuary  | Reached skill level 8 in Unarmed Combat
  4568 | Ossuary  | HP: 1/25 [mummy (17)]
  4932 | Ossuary  | HP: 6/25 [human zombie (3)]
  5416 | D:4      | Noticed a slave
  5418 | D:4      | Noticed a slave
  5418 | D:4      | Noticed Pikel
  5433 | D:4      | Noticed a slave
  5455 | D:4      | Killed a slave
  5487 | D:3      | Killed a slave
  5664 | D:4      | Killed a slave
  5701 | D:4      | Reached XP level 7. HP: 23/28 MP: 8/10
  6086 | D:5      | Entered Level 5 of the Dungeon
  6098 | D:4      | Reached skill level 9 in Unarmed Combat
  6461 | D:5      | Reached skill level 10 in Unarmed Combat
  6592 | D:5      | Reached XP level 8. HP: 32/32 MP: 9/11
  7066 | D:5      | Noticed Edmund
  7066 | D:5      | Noticed Sigmund
  7157 | D:5      | Killed Edmund
  7157 | D:5      | Reached skill level 11 in Unarmed Combat
  7321 | D:5      | Killed Sigmund
  7666 | D:6      | Found a glowing golden altar of the Shining One.
  7673 | D:6      | Noticed Grinder
  8072 | D:6      | Noticed Blork the orc
  8100 | D:6      | HP: 7/32 [Blork the orc/glaive (14)]
  8102 | D:6      | HP: 3/32 [Blork the orc/wand of magic darts (5)]
  8103 | D:6      | Killed Blork the orc
  8103 | D:6      | Reached skill level 12 in Unarmed Combat
  8693 | D:6      | Reached skill level 3 in Dodging
  8693 | D:6      | Reached skill level 1 in Stealth
  8738 | D:6      | Reached XP level 9. HP: 30/35 MP: 10/12
  8785 | D:6      | Reached skill level 2 in Stealth
  8813 | D:6      | Upgraded the game from 0.17-a0-368-g6795a14 to 0.17-a0-388-gf1f7f45
  8883 | D:7      | Found a burning altar of Makhleb.
  8940 | D:7      | Reached skill level 3 in Stealth
  9279 | D:7      | Reached skill level 4 in Dodging
  9545 | D:7      | Reached skill level 4 in Stealth
  9649 | D:7      | Reached skill level 5 in Dodging
  9877 | D:7      | Reached skill level 5 in Stealth
  9932 | D:7      | Found a staircase to the Ecumenical Temple.
  9944 | D:7      | Found Qaungi's Weapon Shoppe.
  9964 | Temple   | Entered the Ecumenical Temple
  9977 | Temple   | Became a worshipper of Ru the Awakened
 10220 | D:8      | Found a white marble altar of Elyvilon.
 10227 | D:8      | Noticed chequers' ghost (experienced GrFi)
 10327 | D:8      | Reached skill level 6 in Dodging
 10539 | D:8      | Reached skill level 3 in Transmutations
 10894 | D:8      | Found an iron altar of Okawaru.
 10904 | D:8      | Reached skill level 4 in Transmutations
 10905 | D:8      | Noticed Prince Ribbit
 10922 | D:8      | Killed Prince Ribbit
 10922 | D:8      | Reached skill level 7 in Dodging
 11365 | D:9      | Reached skill level 5 in Transmutations
 11373 | D:9      | Reached skill level 8 in Dodging
 12167 | D:9      | Reached XP level 10. HP: 39/39 MP: 11/13
 12305 | D:9      | Noticed Erolcha
 12368 | D:9      | Reached skill level 6 in Transmutations
 12438 | D:9      | HP: 7/39 [wyvern (15)]
 12441 | D:9      | Reached skill level 9 in Dodging
 13163 | D:9      | Learned a level 5 spell: Blade Hands
 13353 | D:10     | Entered Level 10 of the Dungeon
 13361 | D:10     | Found a glowing silver altar of Zin.
 13369 | D:10     | Reached skill level 7 in Transmutations
 13377 | D:10     | Reached skill level 10 in Dodging
 13817 | D:10     | Reached skill level 2 in Fighting
 14012 | D:10     | HP: 8/40 [troll (10)]
 14018 | D:10     | Reached skill level 8 in Transmutations
 14332 | D:10     | Noticed a hill giant
 14339 | D:10     | Killed a hill giant
 14339 | D:10     | Reached skill level 3 in Fighting
 14419 | D:10     | zzxc: Sapher on CPO?
 14419 | D:10     | zzxc: didn't expect to see
 14419 | D:10     | zzxc: already leaving behind many ghosts =p
 14504 | D:10     | Reached skill level 4 in Fighting
 14752 | D:11     | Reached XP level 11. HP: 40/46 MP: 12/14
 14899 | D:11     | Reached skill level 9 in Transmutations
 15049 | D:11     | Noticed a hill giant
 15060 | D:11     | Killed a hill giant
 15060 | D:11     | Reached skill level 5 in Fighting
 15443 | D:11     | HP: 8/48 [sixfirhy[a kobold demonologist] (5)]
 15443 | D:11     | Slain by a sixfirhy
 15444 | D:11     | Reached XP level 10. HP: 0/45 MP: 13/13
 15536 | D:11     | Noticed a soul eater
 15541 | D:11     | Reached skill level 6 in Fighting
 15621 | D:11     | Reached skill level 10 in Transmutations
 15885 | D:11     | Noticed a manticore
 15894 | D:11     | HP: 10/45 [manticore (9)]
 15895 | D:11     | HP: 1/45 [gargoyle/flail of distortion (9)]
 16482 | D:11     | Found a staircase to the Lair.
 16705 | Lair:1   | Entered Level 1 of the Lair of Beasts
 16718 | Lair:1   | Reached skill level 7 in Fighting
 16976 | Lair:1   | Noticed Erica
 17190 | Lair:1   | Killed Erica
 17330 | Lair:1   | Reached XP level 11. HP: 48/50 MP: 14/14
 17365 | Lair:1   | Noticed a wolf spider
 17367 | Lair:1   | Noticed a wolf spider
 17379 | Lair:1   | HP: 11/50 [komodo dragon (22)]
 17385 | Lair:1   | HP: 8/50 [adder (2)]
 17533 | Lair:1   | HP: 3/50 [komodo dragon (26)]
 17832 | Lair:1   | Reached skill level 6 in Stealth
 18256 | Lair:1   | HP: 7/50 [wolf spider (9)]
 18272 | Lair:1   | Killed a wolf spider
 18272 | Lair:1   | Reached skill level 7 in Stealth
 18273 | Lair:1   | HP: 4/50 [wolf spider (5)]
 18273 | Lair:1   | Slain by a wolf spider
 18274 | Lair:1   | Reached XP level 10. HP: 0/47 MP: 21/22
 18695 | Lair:2   | Gained mutation: You cannot drink potions while threatened. [Ru sacrifice]
 18695 | Lair:2   | Acquired Ru's first power
 18724 | Lair:2   | Reached skill level 11 in Dodging
 18725 | Lair:2   | Noticed Nergalle
 18879 | Lair:2   | Noticed a four-headed hydra
 18892 | Lair:2   | Killed Nergalle
 18933 | Lair:2   | zzxc: finger liching good
 18933 | Lair:2   | Sixotanaka: lel
 19105 | Lair:2   | Noticed an eight-headed hydra
 19125 | Lair:2   | zzxc: tedium
 19166 | Lair:2   | Killed a 11-headed hydra
 19166 | Lair:2   | Reached skill level 8 in Stealth
 19189 | Lair:2   | Sixotanaka: lol
 19218 | Lair:2   | zzxc: what is para chance
 19235 | Lair:2   | Sixotanaka: idk
 19235 | Lair:2   | Sixotanaka: need to take the line
 19235 | Lair:2   | zzxc: you didnt remove that line?
 19235 | Lair:2   | zzxc: I just commented it out
 19235 | Lair:2   | Sixotanaka: out of trunk
 19245 | Lair:2   | Sixotanaka: 15%
 19274 | Lair:2   | zzxc: I like to train evoc to about 9-10
 19274 | Lair:2   | Sixotanaka: i normally do
 19274 | Lair:2   | Sixotanaka: idk why i didn't
 19274 | Lair:2   | zzxc: then you can paralyse MR++ enemies pretty welwl
 19274 | Lair:2   | Sixotanaka: pretty much just gonna quit this char
 19274 | Lair:2   | zzxc: so good in lair
 19274 | Lair:2   | Sixotanaka: cbf anymore
 19283 | Lair:2   | zzxc: felid
 19285 | Lair:2   | zzxc: tough
 19286 | Lair:2   | HP: 11/47 [four-headed hydra (9)]
 19287 | Lair:2   | HP: 5/47 [four-headed hydra (7)]
 19288 | Lair:2   | Mangled by a four-headed hydra

Vanquished Creatures
  A hydra (Lair:2)
  Erica (Lair:1)
  Nergalle (Lair:2)
  2 hill giants
  A wolf spider (Lair:1)
  A gargoyle (D:11)
  3 spiny frogs
  A kobold demonologist (D:11)
  A komodo dragon (Lair:1)
  2 deep elf priests (D:10)
  4 trolls
  Prince Ribbit (D:8)
  A wyvern (D:9)
  13 yaks (D:11)
  Sigmund (D:5)
  A trapdoor spider (D:10)
  3 hippogriffs
  A shadow (D:11)
  A hungry ghost (D:9)
  2 water moccasins (Lair:2)
  A basilisk (Lair:2)
  Edmund (D:5)
  3 porcupines (Lair:2)
  A sky beast (D:6)
  3 slaves
  2 phantoms
  9 ogres
  4 ice beasts
  An orc warrior (D:11)
  2 crocodiles (Lair:1)
  6 centaurs
  2 elf zombies (Ossuary)
  Blork the orc (D:6)
  8 giant frogs
  5 big kobolds
  5 scorpions
  16 wights
  7 killer bees
  2 jellies
  2 centaur zombies (Ossuary)
  A quasit (D:9)
  3 human zombies (Ossuary)
  5 orc priests
  3 crimson imps
  5 orc wizards
  Ijyb (D:2)
  3 centaur skeletons
  Jessica (D:2)
  3 iguanas
  7 worker ants
  A big kobold zombie (Ossuary)
  7 sheep (Lair:1)
  A mummy (Ossuary)
  A hound skeleton (D:5)
  A hound zombie (D:7)
  3 worker ant zombies
  20 adders
  A gnoll (D:1)
  31 river rats (Lair:1)
  3 shadow imps
  4 giant mites
  A worm (D:3)
  An adder zombie (D:7)
  2 adder skeletons
  4 giant geckos
  33 orcs
  18 bats
  5 giant cockroaches
  8 goblins
  16 hobgoblins
  15 jackals
  10 quokkas
  A ball python (D:2)
  A giant gecko skeleton (D:5)
  5 giant newts
  2 giant spores
  2 goblin zombies
  13 hobgoblin zombies (Ossuary)
  A jackal zombie (D:6)
  34 kobolds
  10 kobold zombies (Ossuary)
  5 orc zombies (Ossuary)
  13 rats
  A rat zombie (D:4)
  14 ballistomycetes
443 creatures vanquished.

Vanquished Creatures (collateral kills)
  A mummy (Ossuary)
1 creature vanquished.

Vanquished Creatures (others)
  A giant spore (D:9)
1 creature vanquished.

Grand Total: 445 creatures vanquished
